Flyers vs Sabres

Created - Saturday, April 30, 2016 at 00:10

Goals
1 2 3 T
Flyers 0 0 0 0
Sabres 0 1 1 2
Shots
1 2 3 T
Flyers 13 4 16 33
Sabres 7 12 12 31

1st period

No Goal

Penalties :
Barret Jackman (Phi) for Hooking (Minor) at 10:10, Sidney Crosby (Buf) for Slashing (Minor) at 14:15, David Perron (Buf) for Roughing (Minor) at 16:46

2nd period

1. Sabres , Gustav Nyquist 3 (Sidney Crosby, Jay Bouwmeester) at 0:42

Penalties :
Taylor Hall (Phi) for Tripping (Minor) at 3:36, Sidney Crosby (Buf) for High sticking (Minor) at 10:21, Corey Perry (Phi) for Tripping (Minor) at 17:11

3rd period

2. Sabres , Sidney Crosby 8 (Steven Stamkos, Gustav Nyquist) at 3:05 (PP)

Penalties :
Luke Glendening (Phi) for Tripping (Minor) at 2:36, Rasmus Ristolainen (Buf) for Goalie Interference (Minor) at 13:51

Goalie Stats

Corey Crawford (Phi), 29 saves from 31 shots - (0.935), L, 5-2-1, 60:00 minutes
Ondrej Pavelec (Buf), 33 saves from 33 shots - (1.000), W, 5-3-1, 60:00 minutes

Players Stats for Flyers

Player Name              G  A  P  +/- PIM S  H  SB GA TA FO     MP     PP MP  PK MP  
------------------------------------------------------------------------------------
Barret Jackman           0  0  0   0  2   0  1  1  0  1  0/0    15:14   0:00   2:01 
Brent Seabrook           0  0  0  -1  0   0  2  3  0  1  0/0    16:36   0:00   3:33 
Bryan Little             0  0  0   0  0   2  0  1  1  1  3/16   20:45   3:47   3:57 
Chris Kreider            0  0  0   0  0   2  0  0  0  0  0/0     6:35   0:00   0:00 
Chris Phillips           0  0  0   0  0   3  0  2  0  0  0/0    15:46   0:00   2:53 
Corey Perry              0  0  0   0  2   4  2  0  2  0  0/1    17:32   3:47   0:00 
Evgeni Malkin            0  0  0  -1  0   2  0  0  1  2  5/18   18:58   4:09   0:00 
Gabriel Landeskog        0  0  0   0  0   3  1  0  7  0  0/0    15:32   0:00   0:00 
Jakub Voracek            0  0  0  -1  0   5  2  0  4  0  0/1    18:58   4:09   0:00 
Justin Faulk             0  0  0   0  0   0  4  1  0  0  0/0    19:21   4:26   0:00 
Kyle Okposo              0  0  0  -1  0   1  1  1  3  1  2/2    18:58   4:09   0:00 
Luke Glendening          0  0  0   0  2   1  1  0  1  0  0/0    14:55   0:00   4:49 
Nate Thompson            0  0  0   0  0   3  0  1  0  0  0/4     8:49   0:00   1:08 
Niklas Kronwall          0  0  0   0  0   2  1  1  0  0  0/0    18:42   3:30   0:52 
P.K. Subban              0  0  0  -1  0   3  1  4  0  3  0/0    26:24   4:26   3:33 
Riley Nash               0  0  0   0  0   1  0  0  0  0  4/7    15:18   0:00   2:58 
Slava Voynov             0  0  0   0  0   1  1  0  1  0  0/0     8:17   3:30   0:00 
Taylor Hall              0  0  0   0  2   0  4  0  4  1  2/2    16:50   3:47   0:00 

Players Stats for Sabres

Player Name              G  A  P  +/- PIM S  H  SB GA TA FO     MP     PP MP  PK MP  
------------------------------------------------------------------------------------
Alec Martinez            0  0  0   0  0   1  0  1  1  2  0/0    19:37   2:45   2:05 
Alex Pietrangelo         0  0  0   1  0   5  2  0  0  0  0/0    26:16   3:41   5:51 
Benoit Pouliot           0  0  0   1  0   2  2  0  2  0  0/3    16:40   3:00   0:55 
Boyd Gordon              0  0  0   0  0   0  0  0  0  0  8/9    12:31   0:00   4:24 
Brooks Orpik             0  0  0   0  0   1  1  2  0  3  0/0    20:18   0:00   5:51 
Chris Higgins            0  0  0   0  0   1  1  0  0  0  1/1    16:53   0:00   5:26 
David Perron             0  0  0   0  2   0  0  0  0  2  0/0    15:43   3:00   0:00 
Dwight King              0  0  0   0  0   1  0  0  2  0  0/0    10:27   0:00   2:11 
Gustav Nyquist           1  1  2   1  0   3  1  0  0  0  1/4    16:30   3:26   0:00 
Jay Bouwmeester          0  1  1   1  0   0  2  2  0  3  0/0    22:19   3:41   2:05 
Matt Stajan              0  0  0   0  0   3  1  0  0  0  1/1     9:32   0:00   1:28 
Nikita Zadorov           0  0  0   0  0   1  3  0  0  0  0/0    14:07   0:00   0:00 
Pierre-Alexandre Parente 0  0  0   0  0   2  0  1  1  1  0/1    11:13   0:00   0:00 
Rasmus Ristolainen       0  0  0   0  2   1  2  0  0  4  0/0    17:31   2:45   0:00 
Ryan Kesler              0  0  0   0  0   4  4  1  2  1  5/10   15:39   3:00   0:00 
Sidney Crosby            1  1  2   1  4   4  1  0  5  0  13/16  17:13   3:26   0:00 
Steven Stamkos           0  1  1   0  0   2  0  1  4  0  0/0    16:29   3:26   0:00 
Vernon Fiddler           0  0  0   0  0   0  0  1  0  1  6/6    13:02   0:00   1:28 

3 Stars

1 - Ondrej Pavelec (Buf)
2 - Gustav Nyquist (Buf)
3 - Jay Bouwmeester (Buf)

Power Play

Flyers - 0 on 4 Attempt(s) - 0.00%
Sabres - 1 on 4 Attempt(s) - 25.00%

Penalty Kill

Flyers - 3 on 4 Attempt(s) - 75.00% - Score 0 goal in Penalty Kill
Sabres - 4 on 4 Attempt(s) - 100.00% - Score 0 goal in Penalty Kill

Team Stat

Flyers - Hits : 21 - Faceoff Wins : 16 - Blocked Shots : 15 - Penalty Minutes : 8
Sabres - Hits : 20 - Faceoff Wins : 35 - Blocked Shots : 9 - Penalty Minutes : 8

Official

Referees : Unknown
Linesman : Unknown

Game Notes

No Game Note

Finance

Level 1 -- Attendance: 6000 (100.00%) -- Ticket Income $462,000
Level 2 -- Attendance: 5000 (100.00%) -- Ticket Income $250,000
Level 3 -- Attendance: 1838 (91.90%) -- Ticket Income $64,330
Level 4 -- Attendance: 4000 (100.00%) -- Ticket Income $80,000
Luxury Box -- Attendance: 1000 (100.00%) -- Ticket Income $190,000
Game was played at the HSBC Arena.
Total Attendance: 17838 (99.10%)
Total Ticket Income: $1,046,330
Other Income: $512,702
Total Income: $1,559,032

Flyers

5 vs 5 Forward 
   Center                   Left Wing                Right Wing               Time % Phy DF OF 
 1 Evgeni Malkin            Jakub Voracek            Kyle Okposo              35     0   1  4  
 2 Bryan Little             Taylor Hall              Corey Perry              30     0   2  3  
 3 Riley Nash               Gabriel Landeskog        Luke Glendening          22     1   3  1  
 4 Nate Thompson            Chris Kreider            Gabriel Landeskog        13     1   3  1  

5 vs 5 Defense 
   Defense                  Defense                                           Time % Phy DF OF 
 1 P.K. Subban              Brent Seabrook                                    35     0   2  3  
 2 Niklas Kronwall          Justin Faulk                                      30     0   2  3  
 3 Chris Phillips           Barret Jackman                                    22     1   4  0  
 4 Slava Voynov             P.K. Subban                                       13     0   1  4  

PowerPlay Forward 
   Center                   Left Wing                Right Wing               Time % Phy DF OF 
 1 Evgeni Malkin            Jakub Voracek            Kyle Okposo              60     0   0  5  
 2 Bryan Little             Taylor Hall              Corey Perry              40     0   1  4  

PowerPlay Defense
   Defense                  Defense                                           Time % Phy DF OF 
 1 P.K. Subban              Justin Faulk                                      60     0   1  4  
 2 Slava Voynov             Niklas Kronwall                                   40     0   1  4  

Penalty Kill 4 Players Forward 
   Center                   Wing                     Time % Phy DF OF 
 1 Bryan Little             Luke Glendening          60     0   4  1  
 2 Nate Thompson            Riley Nash               40     0   5  0  

Penalty Kill 4 Players Defense
   Defense                  Defense                  Time % Phy DF OF 
 1 P.K. Subban              Brent Seabrook           60     0   4  1  
 2 Barret Jackman           Chris Phillips           40     0   5  0  

Penalty Kill - 3 Players Forward 
   Forward                                           Time % Phy DF OF 
 1 Bryan Little                                      60     0   5  0  
 2 Luke Glendening                                   40     0   5  0  

Penalty Kill - 3 Players Defense
   Defense                  Defense                  Time % Phy DF OF 
 1 P.K. Subban              Brent Seabrook           60     0   5  0  
 2 Chris Phillips           Barret Jackman           40     0   5  0  

4 vs 4 Forward 
   Center                   Wing                     Time % Phy DF OF 
 1 Evgeni Malkin            Taylor Hall              60     0   1  4  
 2 Bryan Little             Gabriel Landeskog        40     0   2  3  

4 vs 4 Defense
   Defense                  Defense                  Time % Phy DF OF 
 1 P.K. Subban              Brent Seabrook           60     0   2  3  
 2 Niklas Kronwall          Justin Faulk             40     0   3  2  

Last Minutes Offensive
   Center                   Left Wing                Right Wing               Defense                  Defense                  
   Evgeni Malkin            Jakub Voracek            Kyle Okposo              P.K. Subban              Brent Seabrook           

Last Minutes Defensive
   Center                   Left Wing                Right Wing               Defense                  Defense                  
   Bryan Little             Gabriel Landeskog        Luke Glendening          P.K. Subban              Niklas Kronwall          

Goaltenders
Starting : Corey Crawford           
Backup : Darcy Kuemper            

Extra Forwards
Normal : Gabriel Landeskog, Chris Kreider, Riley Nash - PP : Gabriel Landeskog, Chris Kreider - PK : Riley Nash
Extra Defensemen
Normal : Slava Voynov, Chris Phillips, Barret Jackman - PP : Brent Seabrook - PK : Niklas Kronwall, Justin Faulk
Penalty Shots
Kyle Okposo, Evgeni Malkin, Corey Perry, Bryan Little, Taylor Hall

Sabres

5 vs 5 Forward 
   Center                   Left Wing                Right Wing               Time % Phy DF OF 
 1 Sidney Crosby            Benoit Pouliot           Gustav Nyquist           37     0   1  4  
 2 Ryan Kesler              David Perron             Steven Stamkos           35     0   2  3  
 3 Vernon Fiddler           Chris Higgins            Pierre-Alexandre Parentea20     0   3  2  
 4 Boyd Gordon              Matt Stajan              Dwight King              8      2   3  0  

5 vs 5 Defense 
   Defense                  Defense                                           Time % Phy DF OF 
 1 Alex Pietrangelo         Jay Bouwmeester                                   35     1   2  2  
 2 Brooks Orpik             Alec Martinez                                     30     1   2  2  
 3 Nikita Zadorov           Rasmus Ristolainen                                22     1   3  1  
 4 Alex Pietrangelo         Jay Bouwmeester                                   13     1   2  2  

PowerPlay Forward 
   Center                   Left Wing                Right Wing               Time % Phy DF OF 
 1 Sidney Crosby            Gustav Nyquist           Steven Stamkos           60     0   0  5  
 2 Ryan Kesler              Benoit Pouliot           David Perron             40     0   0  5  

PowerPlay Defense
   Defense                  Defense                                           Time % Phy DF OF 
 1 Jay Bouwmeester          Alex Pietrangelo                                  60     0   1  4  
 2 Rasmus Ristolainen       Alec Martinez                                     40     0   2  3  

Penalty Kill 4 Players Forward 
   Center                   Wing                     Time % Phy DF OF 
 1 Boyd Gordon              Chris Higgins            60     1   3  1  
 2 Vernon Fiddler           Matt Stajan              40     1   3  1  

Penalty Kill 4 Players Defense
   Defense                  Defense                  Time % Phy DF OF 
 1 Alex Pietrangelo         Brooks Orpik             60     2   3  0  
 2 Jay Bouwmeester          Alec Martinez            40     1   4  0  

Penalty Kill - 3 Players Forward 
   Forward                                           Time % Phy DF OF 
 1 Boyd Gordon                                       60     1   4  0  
 2 Vernon Fiddler                                    40     1   3  1  

Penalty Kill - 3 Players Defense
   Defense                  Defense                  Time % Phy DF OF 
 1 Alex Pietrangelo         Brooks Orpik             60     1   3  1  
 2 Jay Bouwmeester          Alec Martinez            40     1   4  0  

4 vs 4 Forward 
   Center                   Wing                     Time % Phy DF OF 
 1 Sidney Crosby            Steven Stamkos           60     0   1  4  
 2 Ryan Kesler              Benoit Pouliot           40     0   1  4  

4 vs 4 Defense
   Defense                  Defense                  Time % Phy DF OF 
 1 Jay Bouwmeester          Alex Pietrangelo         60     0   2  3  
 2 Rasmus Ristolainen       Alec Martinez            40     0   2  3  

Last Minutes Offensive
   Center                   Left Wing                Right Wing               Defense                  Defense                  
   Sidney Crosby            Gustav Nyquist           Steven Stamkos           Alex Pietrangelo         Jay Bouwmeester          

Last Minutes Defensive
   Center                   Left Wing                Right Wing               Defense                  Defense                  
   Ryan Kesler              Boyd Gordon              Vernon Fiddler           Alex Pietrangelo         Brooks Orpik             

Goaltenders
Starting : Ondrej Pavelec           
Backup : Karri Ramo               

Extra Forwards
Normal : Steven Stamkos, Sidney Crosby, Pierre-Alexandre Parenteau - PP : Pierre-Alexandre Parenteau, Vernon Fiddler - PK : Dwight King
Extra Defensemen
Normal : Rasmus Ristolainen, Brooks Orpik, Alex Pietrangelo - PP : Brooks Orpik - PK : Rasmus Ristolainen, Nikita Zadorov
Penalty Shots
Gustav Nyquist, Sidney Crosby, Pierre-Alexandre Parenteau, Vernon Fiddler, Dwight King

% Time on Ice - Flyers

Lines # - Real PCT - Wanted PCT - Time Play
Normal Forward
1 - 33% - 35% - 14:52
2 - 31% - 30% - 14:07
3 - 22% - 22% - 10:04
4 - 14% - 13% - 6:35
Normal Defense
1 - 31% - 35% - 14:21
2 - 33% - 30% - 15:08
3 - 26% - 22% - 12:05
4 - 9% - 13% - 4:04
PP Forward
1 - 52% - 60% - 4:09
2 - 48% - 40% - 3:47
PP Defense
1 - 56% - 60% - 4:26
2 - 44% - 40% - 3:30
PK Forward
1 - 82% - 60% - 5:18
2 - 18% - 40% - 1:08
PK Defense
1 - 55% - 60% - 3:33
2 - 45% - 40% - 2:53
PK3 Forward
1 - 0% - 60%
2 - 0% - 40%
PK3 Defense
1 - 0% - 60%
2 - 0% - 40%
44 Forward
1 - 0% - 60%
2 - 0% - 40%
44 Defense
1 - 0% - 60%
2 - 0% - 40%
Last Minute Offensive  - 0:00
Last Minute Defensive  - 0:00
Total
Forward - 60:00
Defense - 60:00

% Time on Ice - Sabres

Lines # - Real PCT - Wanted PCT - Time Play
Normal Forward
1 - 30% - 37% - 13:42
2 - 28% - 35% - 13:00
3 - 25% - 20% - 11:13
4 - 17% - 8% - 7:43
Normal Defense
1 - 32% - 35% - 14:46
2 - 32% - 30% - 14:47
3 - 31% - 22% - 14:07
4 - 4% - 13% - 1:58
PP Forward
1 - 53% - 60% - 3:26
2 - 47% - 40% - 3:00
PP Defense
1 - 57% - 60% - 3:41
2 - 43% - 40% - 2:45
PK Forward
1 - 82% - 60% - 6:28
2 - 18% - 40% - 1:28
PK Defense
1 - 74% - 60% - 5:51
2 - 26% - 40% - 2:05
PK3 Forward
1 - 0% - 60%
2 - 0% - 40%
PK3 Defense
1 - 0% - 60%
2 - 0% - 40%
44 Forward
1 - 0% - 60%
2 - 0% - 40%
44 Defense
1 - 0% - 60%
2 - 0% - 40%
Last Minute Offensive  - 0:00
Last Minute Defensive  - 0:00
Total
Forward - 60:00
Defense - 60:00

Play by Play

1st period


0:01 of 1st period - Sidney Crosby wins face-off versus Evgeni Malkin in neutral zone.
0:04 of 1st period - P.K. Subban is hit by Jay Bouwmeester.
0:08 of 1st period - Slapshot by Evgeni Malkin.
0:08 of 1st period - Stopped by Ondrej Pavelec without a rebound.
0:09 of 1st period - Sidney Crosby wins face-off versus Evgeni Malkin in Sabres zone.
0:37 of 1st period - Wrist shot by Sidney Crosby.
0:37 of 1st period - Shot Misses the Net.
0:45 of 1st period - Snap shot by Sidney Crosby.
0:45 of 1st period - Deflect By P.K. Subban.
0:45 of 1st period - Shot Misses the Net.
0:45 of 1st period - Puck is out of play.
0:46 of 1st period - Taylor Hall wins face-off versus Ryan Kesler in Flyers zone.
1:23 of 1st period - Slapshot by Corey Perry.
1:23 of 1st period - Stopped by Ondrej Pavelec without a rebound.
1:24 of 1st period - Riley Nash wins face-off versus Pierre-Alexandre Parenteau in Sabres zone.
1:25 of 1st period - Wrist shot by Gabriel Landeskog.
1:25 of 1st period - Shot Misses the Net.
1:27 of 1st period - Snap shot by Luke Glendening.
1:27 of 1st period - Stopped by Ondrej Pavelec without a rebound.
1:28 of 1st period - Vernon Fiddler wins face-off versus Riley Nash in Sabres zone.
1:35 of 1st period - Barret Jackman is hit by Rasmus Ristolainen and loses puck.
2:31 of 1st period - Wrist shot by Jakub Voracek.
2:31 of 1st period - Stopped by Ondrej Pavelec with a rebound.
3:22 of 1st period - Icing by Alex Pietrangelo.
3:23 of 1st period - Ryan Kesler wins face-off versus Nate Thompson in Sabres zone.
3:42 of 1st period - Wrist shot by Ryan Kesler.
3:42 of 1st period - Stopped by Corey Crawford with a rebound.
3:46 of 1st period - Slapshot by Ryan Kesler.
3:46 of 1st period - Shot Blocked by Nate Thompson.
4:02 of 1st period - Snap shot by Sidney Crosby.
4:02 of 1st period - Shot Misses the Net.
4:04 of 1st period - Snap shot by Benoit Pouliot.
4:04 of 1st period - Shot Blocked by Niklas Kronwall.
4:06 of 1st period - Snap shot by Alex Pietrangelo.
4:06 of 1st period - Stopped by Corey Crawford with a rebound.
5:00 of 1st period - Jakub Voracek is hit by Brooks Orpik and loses puck.
5:25 of 1st period - Snap shot by Pierre-Alexandre Parenteau.
5:25 of 1st period - Stopped by Corey Crawford with a rebound.
5:27 of 1st period - Wrist shot by Alex Pietrangelo.
5:27 of 1st period - Shot Misses the Net.
5:35 of 1st period - Wrist shot by Pierre-Alexandre Parenteau.
5:35 of 1st period - Shot Blocked by P.K. Subban.
5:37 of 1st period - Slapshot by Rasmus Ristolainen.
5:37 of 1st period - Deflect By P.K. Subban.
5:37 of 1st period - Stopped by Corey Crawford with a rebound.
6:10 of 1st period - Riley Nash is hit by Matt Stajan and loses puck.
7:22 of 1st period - Snap shot by Jakub Voracek.
7:22 of 1st period - Shot Blocked by Jay Bouwmeester.
7:48 of 1st period - Wrist shot by Corey Perry.
7:48 of 1st period - Shot Misses the Net.
7:50 of 1st period - Slapshot by P.K. Subban.
7:50 of 1st period - Stopped by Ondrej Pavelec with a rebound.
7:52 of 1st period - Snap shot by Slava Voynov.
7:52 of 1st period - Stopped by Ondrej Pavelec with a rebound.
7:54 of 1st period - Snap shot by Slava Voynov.
7:54 of 1st period - Shot Misses the Net.
8:30 of 1st period - Snap shot by Chris Kreider.
8:30 of 1st period - Shot Blocked by Alec Martinez.
8:32 of 1st period - Wrist shot by Nate Thompson.
8:32 of 1st period - Stopped by Ondrej Pavelec with a rebound.
8:34 of 1st period - Snap shot by Nate Thompson.
8:34 of 1st period - Stopped by Ondrej Pavelec with a rebound.
8:36 of 1st period - Snap shot by Nate Thompson.
8:36 of 1st period - Shot Blocked by Vernon Fiddler.
8:38 of 1st period - Slapshot by Niklas Kronwall.
8:38 of 1st period - Shot Misses the Net.
8:40 of 1st period - Slapshot by Nate Thompson.
8:40 of 1st period - Deflect By Alec Martinez.
8:40 of 1st period - Stopped by Ondrej Pavelec with a rebound.
8:56 of 1st period - Snap shot by Evgeni Malkin.
8:56 of 1st period - Shot Blocked by Brooks Orpik.
8:58 of 1st period - Backhand shot by P.K. Subban.
8:58 of 1st period - Stopped by Ondrej Pavelec without a rebound.
8:59 of 1st period - Sidney Crosby wins face-off versus Evgeni Malkin in Sabres zone.
9:57 of 1st period - Slapshot by Jay Bouwmeester.
9:57 of 1st period - Shot Misses the Net.
9:59 of 1st period - Snap shot by Matt Stajan.
9:59 of 1st period - Stopped by Corey Crawford with a rebound.
10:03 of 1st period - Slapshot by Alex Pietrangelo.
10:03 of 1st period - Shot Blocked by Bryan Little.
10:05 of 1st period - Snap shot by Boyd Gordon.
10:05 of 1st period - Shot Misses the Net.
10:10 of 1st period - Minor Penalty to Barret Jackman for Hooking.
10:11 of 1st period - Bryan Little wins face-off versus Gustav Nyquist in Flyers zone.
10:25 of 1st period - Slapshot by Sidney Crosby.
10:25 of 1st period - Shot Misses the Net.
10:31 of 1st period - Wrist shot by Steven Stamkos.
10:31 of 1st period - Shot Misses the Net.
10:33 of 1st period - Snap shot by Alec Martinez.
10:33 of 1st period - Stopped by Corey Crawford without a rebound.
10:34 of 1st period - Ryan Kesler wins face-off versus Bryan Little in Flyers zone.
12:10 of 1st period - Penalty to Barret Jackman is over, Barret Jackman is back on ice.
12:30 of 1st period - Wrist shot by Alex Pietrangelo.
12:30 of 1st period - Deflect By Matt Stajan.
12:30 of 1st period - Shot Blocked by Brent Seabrook.
12:30 of 1st period - Puck is out of play.
12:31 of 1st period - Boyd Gordon wins face-off versus Jakub Voracek in Flyers zone.
12:58 of 1st period - Slapshot by Dwight King.
12:58 of 1st period - Deflect By Matt Stajan.
12:58 of 1st period - Stopped by Corey Crawford with a rebound.
13:28 of 1st period - Chris Kreider is hit by Jay Bouwmeester and loses puck.
13:37 of 1st period - Snap shot by Chris Higgins.
13:37 of 1st period - Shot Blocked by Barret Jackman.
14:15 of 1st period - Minor Penalty to Sidney Crosby for Slashing.
14:16 of 1st period - Boyd Gordon wins face-off versus Bryan Little in Sabres zone.
14:20 of 1st period - P.K. Subban is hit by Alex Pietrangelo and loses puck.
14:31 of 1st period - Slapshot by Bryan Little.
14:31 of 1st period - Shot Misses the Net.
14:33 of 1st period - Wrist shot by Corey Perry.
14:33 of 1st period - Deflect By Brooks Orpik.
14:33 of 1st period - Stopped by Ondrej Pavelec without a rebound.
14:34 of 1st period - Boyd Gordon wins face-off versus Bryan Little in Sabres zone.
16:11 of 1st period - Brooks Orpik is hit by Jakub Voracek and loses puck.
16:15 of 1st period - Penalty to Sidney Crosby is over, Sidney Crosby is back on ice.
16:46 of 1st period - Minor Penalty to David Perron for Roughing.
16:47 of 1st period - Matt Stajan wins face-off versus Bryan Little in Sabres zone.
17:39 of 1st period - Off-side.
17:40 of 1st period - Bryan Little wins face-off versus Benoit Pouliot in neutral zone.
18:39 of 1st period - Alex Pietrangelo is hit by Justin Faulk and loses puck.
18:46 of 1st period - Penalty to David Perron is over, David Perron is back on ice.
18:48 of 1st period - Snap shot by Evgeni Malkin.
18:48 of 1st period - Shot Misses the Net.
18:50 of 1st period - Backhand shot by P.K. Subban.
18:50 of 1st period - Deflect By Evgeni Malkin.
18:50 of 1st period - Shot Misses the Net.
18:50 of 1st period - Puck is out of play.
18:51 of 1st period - Ryan Kesler wins face-off versus Evgeni Malkin in Sabres zone.
19:29 of 1st period - Rasmus Ristolainen is hit by Gabriel Landeskog and loses puck.
19:56 of 1st period - Wrist shot by Chris Kreider.
19:56 of 1st period - Stopped by Ondrej Pavelec with a rebound.
19:58 of 1st period - Slapshot by Niklas Kronwall.
19:58 of 1st period - Stopped by Ondrej Pavelec without a rebound.
19:59 of 1st period - Sidney Crosby wins face-off versus Bryan Little in Sabres zone.
Goals for this period are 0 for Flyers vs 0 for Sabres.
Shots for this period are 13 for Flyers vs 7 for Sabres.

2nd period


0:01 of 2nd period - Sidney Crosby wins face-off versus Evgeni Malkin in neutral zone.
0:04 of 2nd period - Slapshot by Benoit Pouliot.
0:04 of 2nd period - Deflect By Sidney Crosby.
0:04 of 2nd period - Stopped by Corey Crawford with a rebound.
0:06 of 2nd period - Snap shot by Alex Pietrangelo.
0:06 of 2nd period - Stopped by Corey Crawford with a rebound.
0:08 of 2nd period - Wrist shot by Gustav Nyquist.
0:08 of 2nd period - Stopped by Corey Crawford without a rebound.
0:09 of 2nd period - Evgeni Malkin wins face-off versus Gustav Nyquist in Flyers zone.
0:34 of 2nd period - Backhand shot by Gustav Nyquist.
0:34 of 2nd period - Shot Blocked by Brent Seabrook.
0:42 of 2nd period - Slapshot by Gustav Nyquist.
0:42 of 2nd period - Goal by Gustav Nyquist - Flyers : 0 - Sabres : 1.
0:43 of 2nd period - Taylor Hall wins face-off versus Ryan Kesler in neutral zone.
1:00 of 2nd period - Backhand shot by Taylor Hall.
1:00 of 2nd period - Shot Blocked by Ryan Kesler.
1:36 of 2nd period - Slapshot by Sidney Crosby.
1:36 of 2nd period - Stopped by Corey Crawford without a rebound.
1:37 of 2nd period - Kyle Okposo wins face-off versus Gustav Nyquist in Flyers zone.
1:37 of 2nd period - Kyle Okposo is hit by Gustav Nyquist.
1:51 of 2nd period - Snap shot by Jakub Voracek.
1:51 of 2nd period - Stopped by Ondrej Pavelec with a rebound.
2:09 of 2nd period - Snap shot by Sidney Crosby.
2:09 of 2nd period - Stopped by Corey Crawford without a rebound.
2:10 of 2nd period - Vernon Fiddler wins face-off versus Riley Nash in Flyers zone.
2:49 of 2nd period - Pierre-Alexandre Parenteau is hit by Barret Jackman and loses puck.
3:36 of 2nd period - Minor Penalty to Taylor Hall for Tripping.
3:37 of 2nd period - Sidney Crosby wins face-off versus Bryan Little in Flyers zone.
4:02 of 2nd period - Wrist shot by Sidney Crosby.
4:02 of 2nd period - Shot Misses the Net.
4:04 of 2nd period - Backhand shot by Jay Bouwmeester.
4:04 of 2nd period - Shot Misses the Net.
4:06 of 2nd period - Wrist shot by Steven Stamkos.
4:06 of 2nd period - Shot Blocked by P.K. Subban.
4:08 of 2nd period - Slapshot by Alex Pietrangelo.
4:08 of 2nd period - Shot Misses the Net.
4:35 of 2nd period - Luke Glendening is hit by Ryan Kesler and loses puck.
5:36 of 2nd period - Penalty to Taylor Hall is over, Taylor Hall is back on ice.
6:02 of 2nd period - Snap shot by Evgeni Malkin.
6:02 of 2nd period - Deflect By Jakub Voracek.
6:02 of 2nd period - Stopped by Ondrej Pavelec without a rebound.
6:03 of 2nd period - Vernon Fiddler wins face-off versus Nate Thompson in Sabres zone.
6:50 of 2nd period - Boyd Gordon is hit by Justin Faulk and loses puck.
6:57 of 2nd period - Slapshot by Brooks Orpik.
6:57 of 2nd period - Shot Misses the Net.
6:59 of 2nd period - Slapshot by Nikita Zadorov.
6:59 of 2nd period - Stopped by Corey Crawford with a rebound.
7:01 of 2nd period - Wrist shot by Matt Stajan.
7:01 of 2nd period - Stopped by Corey Crawford without a rebound.
7:02 of 2nd period - Boyd Gordon wins face-off versus Evgeni Malkin in Flyers zone.
7:13 of 2nd period - Rasmus Ristolainen is hit by Brent Seabrook and loses puck.
8:00 of 2nd period - Alec Martinez is hit by Corey Perry.
8:57 of 2nd period - Barret Jackman is hit by Alex Pietrangelo and loses puck.
9:17 of 2nd period - Wrist shot by Pierre-Alexandre Parenteau.
9:17 of 2nd period - Stopped by Corey Crawford with a rebound.
10:21 of 2nd period - Minor Penalty to Sidney Crosby for High sticking.
10:22 of 2nd period - Boyd Gordon wins face-off versus Evgeni Malkin in Sabres zone.
11:03 of 2nd period - Boyd Gordon is hit by Taylor Hall and loses puck.
11:57 of 2nd period - P.K. Subban is hit by Chris Higgins and loses puck.
12:21 of 2nd period - Penalty to Sidney Crosby is over, Sidney Crosby is back on ice.
13:03 of 2nd period - Wrist shot by David Perron.
13:03 of 2nd period - Deflect By Ryan Kesler.
13:03 of 2nd period - Stopped by Corey Crawford without a rebound.
13:04 of 2nd period - Sidney Crosby wins face-off versus Nate Thompson in Flyers zone.
13:27 of 2nd period - Slapshot by Gustav Nyquist.
13:27 of 2nd period - Stopped by Corey Crawford with a rebound.
13:33 of 2nd period - Nate Thompson is hit by Nikita Zadorov and loses puck.
13:52 of 2nd period - Luke Glendening is hit by Rasmus Ristolainen.
14:05 of 2nd period - Brooks Orpik is hit by Luke Glendening and loses puck.
14:18 of 2nd period - Wrist shot by Taylor Hall.
14:18 of 2nd period - Shot Misses the Net.
14:20 of 2nd period - Snap shot by P.K. Subban.
14:20 of 2nd period - Deflect By Alec Martinez.
14:20 of 2nd period - Stopped by Ondrej Pavelec without a rebound.
14:21 of 2nd period - Boyd Gordon wins face-off versus Corey Perry in Sabres zone.
15:02 of 2nd period - Boyd Gordon is hit by Jakub Voracek and loses puck.
16:07 of 2nd period - Snap shot by Chris Kreider.
16:07 of 2nd period - Stopped by Ondrej Pavelec with a rebound.
16:13 of 2nd period - Nate Thompson is hit by Nikita Zadorov and loses puck.
17:11 of 2nd period - Minor Penalty to Corey Perry for Tripping.
17:12 of 2nd period - Sidney Crosby wins face-off versus Bryan Little in Flyers zone.
18:07 of 2nd period - P.K. Subban is hit by Ryan Kesler and loses puck.
18:12 of 2nd period - Wrist shot by Ryan Kesler.
18:12 of 2nd period - Shot Blocked by Brent Seabrook.
18:26 of 2nd period - Snap shot by Benoit Pouliot.
18:26 of 2nd period - Stopped by Corey Crawford without a rebound.
18:27 of 2nd period - Sidney Crosby wins face-off versus Bryan Little in Flyers zone.
19:07 of 2nd period - Chris Phillips is hit by Ryan Kesler and loses puck.
19:11 of 2nd period - Penalty to Corey Perry is over, Corey Perry is back on ice.
Goals for this period are 0 for Flyers vs 1 for Sabres.
Shots for this period are 4 for Flyers vs 12 for Sabres.

3rd period


0:01 of 3rd period - Evgeni Malkin wins face-off versus Benoit Pouliot in neutral zone.
0:06 of 3rd period - Wrist shot by Jakub Voracek.
0:06 of 3rd period - Deflect By Kyle Okposo.
0:06 of 3rd period - Stopped by Ondrej Pavelec without a rebound.
0:07 of 3rd period - Sidney Crosby wins face-off versus Evgeni Malkin in Sabres zone.
0:07 of 3rd period - Sidney Crosby is hit by Brent Seabrook.
0:23 of 3rd period - Off-side.
0:24 of 3rd period - Bryan Little wins face-off versus Ryan Kesler in neutral zone.
0:27 of 3rd period - Slapshot by Corey Perry.
0:27 of 3rd period - Stopped by Ondrej Pavelec with a rebound.
0:49 of 3rd period - Snap shot by David Perron.
0:49 of 3rd period - Deflect By Steven Stamkos.
0:49 of 3rd period - Stopped by Corey Crawford with a rebound.
0:51 of 3rd period - Slapshot by Brooks Orpik.
0:51 of 3rd period - Stopped by Corey Crawford without a rebound.
0:52 of 3rd period - Gustav Nyquist wins face-off versus Evgeni Malkin in Flyers zone.
1:10 of 3rd period - Snap shot by Evgeni Malkin.
1:10 of 3rd period - Stopped by Ondrej Pavelec with a rebound.
1:18 of 3rd period - Slapshot by Kyle Okposo.
1:18 of 3rd period - Shot Misses the Net.
1:20 of 3rd period - Slapshot by Niklas Kronwall.
1:20 of 3rd period - Shot Blocked by Jay Bouwmeester.
1:30 of 3rd period - Niklas Kronwall is hit by Benoit Pouliot and loses puck.
1:40 of 3rd period - Off-side.
1:41 of 3rd period - Vernon Fiddler wins face-off versus Bryan Little in neutral zone.
1:52 of 3rd period - Snap shot by Chris Higgins.
1:52 of 3rd period - Shot Misses the Net.
1:54 of 3rd period - Wrist shot by Vernon Fiddler.
1:54 of 3rd period - Shot Misses the Net.
1:56 of 3rd period - Snap shot by Chris Higgins.
1:56 of 3rd period - Stopped by Corey Crawford without a rebound.
1:57 of 3rd period - Ryan Kesler wins face-off versus Bryan Little in Flyers zone.
2:00 of 3rd period - Snap shot by Ryan Kesler.
2:00 of 3rd period - Stopped by Corey Crawford with a rebound.
2:10 of 3rd period - Alec Martinez is hit by Taylor Hall and loses puck.
2:36 of 3rd period - Minor Penalty to Luke Glendening for Tripping.
2:37 of 3rd period - Sidney Crosby wins face-off versus Bryan Little in Flyers zone.
3:05 of 3rd period - Slapshot by Sidney Crosby.
3:05 of 3rd period - Goal by Sidney Crosby - Flyers : 0 - Sabres : 2.
3:06 of 3rd period - Sidney Crosby wins face-off versus Evgeni Malkin in neutral zone.
3:16 of 3rd period - Slapshot by Sidney Crosby.
3:16 of 3rd period - Shot Misses the Net.
3:18 of 3rd period - Snap shot by Jay Bouwmeester.
3:18 of 3rd period - Shot Blocked by P.K. Subban.
3:20 of 3rd period - Slapshot by Alex Pietrangelo.
3:20 of 3rd period - Stopped by Corey Crawford with a rebound.
3:22 of 3rd period - Wrist shot by Alex Pietrangelo.
3:22 of 3rd period - Shot Misses the Net.
4:30 of 3rd period - Snap shot by Gabriel Landeskog.
4:30 of 3rd period - Stopped by Ondrej Pavelec with a rebound.
4:46 of 3rd period - Snap shot by Bryan Little.
4:46 of 3rd period - Stopped by Ondrej Pavelec with a rebound.
4:48 of 3rd period - Snap shot by Bryan Little.
4:48 of 3rd period - Stopped by Ondrej Pavelec with a rebound.
4:50 of 3rd period - Slapshot by Niklas Kronwall.
4:50 of 3rd period - Shot Blocked by Pierre-Alexandre Parenteau.
4:52 of 3rd period - Wrist shot by Bryan Little.
4:52 of 3rd period - Shot Blocked by Brooks Orpik.
4:54 of 3rd period - Slapshot by Chris Phillips.
4:54 of 3rd period - Stopped by Ondrej Pavelec without a rebound.
4:55 of 3rd period - Ryan Kesler wins face-off versus Nate Thompson in Sabres zone.
5:46 of 3rd period - Chris Phillips is hit by Sidney Crosby and loses puck.
6:07 of 3rd period - Nikita Zadorov is hit by Corey Perry and loses puck.
6:26 of 3rd period - Snap shot by Alex Pietrangelo.
6:26 of 3rd period - Shot Blocked by P.K. Subban.
6:28 of 3rd period - Slapshot by Alex Pietrangelo.
6:28 of 3rd period - Deflect By Evgeni Malkin.
6:28 of 3rd period - Stopped by Corey Crawford without a rebound.
6:29 of 3rd period - Boyd Gordon wins face-off versus Evgeni Malkin in Flyers zone.
6:46 of 3rd period - Backhand shot by Jay Bouwmeester.
6:46 of 3rd period - Shot Blocked by Justin Faulk.
6:48 of 3rd period - Slapshot by Alex Pietrangelo.
6:48 of 3rd period - Shot Blocked by Kyle Okposo.
6:50 of 3rd period - Slapshot by Alex Pietrangelo.
6:50 of 3rd period - Stopped by Corey Crawford without a rebound.
6:51 of 3rd period - Riley Nash wins face-off versus Ryan Kesler in Flyers zone.
6:51 of 3rd period - Riley Nash is hit by Ryan Kesler.
7:01 of 3rd period - Wrist shot by Steven Stamkos.
7:01 of 3rd period - Shot Misses the Net.
7:41 of 3rd period - Brooks Orpik is hit by Taylor Hall and loses puck.
8:00 of 3rd period - Wrist shot by Corey Perry.
8:00 of 3rd period - Stopped by Ondrej Pavelec without a rebound.
8:01 of 3rd period - Vernon Fiddler wins face-off versus Evgeni Malkin in Sabres zone.
9:20 of 3rd period - Off-side.
9:21 of 3rd period - Riley Nash wins face-off versus Benoit Pouliot in neutral zone.
9:28 of 3rd period - Snap shot by Gabriel Landeskog.
9:28 of 3rd period - Stopped by Ondrej Pavelec without a rebound.
9:29 of 3rd period - Riley Nash wins face-off versus Sidney Crosby in Sabres zone.
9:40 of 3rd period - Backhand shot by Sidney Crosby.
9:40 of 3rd period - Shot Misses the Net.
9:42 of 3rd period - Wrist shot by Benoit Pouliot.
9:42 of 3rd period - Shot Misses the Net.
10:26 of 3rd period - Jay Bouwmeester is hit by P.K. Subban and loses puck.
10:33 of 3rd period - Ryan Kesler is hit by Kyle Okposo and loses puck.
11:10 of 3rd period - Snap shot by Dwight King.
11:10 of 3rd period - Stopped by Corey Crawford with a rebound.
12:59 of 3rd period - Ryan Kesler is hit by Justin Faulk and loses puck.
13:18 of 3rd period - Snap shot by Steven Stamkos.
13:18 of 3rd period - Shot Misses the Net.
13:22 of 3rd period - Wrist shot by Steven Stamkos.
13:22 of 3rd period - Stopped by Corey Crawford with a rebound.
13:24 of 3rd period - Wrist shot by Ryan Kesler.
13:24 of 3rd period - Stopped by Corey Crawford without a rebound.
13:25 of 3rd period - Boyd Gordon wins face-off versus Bryan Little in Flyers zone.
13:51 of 3rd period - Minor Penalty to Rasmus Ristolainen for Goalie Interference.
13:52 of 3rd period - Evgeni Malkin wins face-off versus Boyd Gordon in Sabres zone.
14:02 of 3rd period - Snap shot by Jakub Voracek.
14:02 of 3rd period - Stopped by Ondrej Pavelec without a rebound.
14:03 of 3rd period - Chris Higgins wins face-off versus Evgeni Malkin in Sabres zone.
15:08 of 3rd period - Wrist shot by Bryan Little.
15:08 of 3rd period - Shot Misses the Net.
15:22 of 3rd period - Jay Bouwmeester is hit by Niklas Kronwall and loses puck.
15:35 of 3rd period - Brooks Orpik is hit by Slava Voynov and loses puck.
15:51 of 3rd period - Penalty to Rasmus Ristolainen is over, Rasmus Ristolainen is back on ice.
16:06 of 3rd period - Ryan Kesler is hit by Justin Faulk and loses puck.
16:44 of 3rd period - Steven Stamkos is hit by Taylor Hall and loses puck.
16:57 of 3rd period - Barret Jackman is hit by Nikita Zadorov and loses puck.
17:06 of 3rd period - Wrist shot by Benoit Pouliot.
17:06 of 3rd period - Stopped by Corey Crawford with a rebound.
17:08 of 3rd period - Slapshot by Alex Pietrangelo.
17:08 of 3rd period - Shot Blocked by Chris Phillips.
17:10 of 3rd period - Snap shot by Sidney Crosby.
17:10 of 3rd period - Deflect By Benoit Pouliot.
17:10 of 3rd period - Shot Misses the Net.
17:10 of 3rd period - Puck is out of play.
17:11 of 3rd period - Sidney Crosby wins face-off versus Riley Nash in Flyers zone.
17:32 of 3rd period - Riley Nash is hit by Benoit Pouliot and loses puck.
17:59 of 3rd period - Slapshot by Alec Martinez.
17:59 of 3rd period - Shot Blocked by Chris Phillips.
18:01 of 3rd period - Slapshot by Brooks Orpik.
18:01 of 3rd period - Deflect By Matt Stajan.
18:01 of 3rd period - Shot Misses the Net.
18:01 of 3rd period - Puck is out of play.
18:02 of 3rd period - Kyle Okposo wins face-off versus Ryan Kesler in Flyers zone.
18:48 of 3rd period - Slapshot by P.K. Subban.
18:48 of 3rd period - Shot Blocked by Steven Stamkos.
18:50 of 3rd period - Slapshot by Gabriel Landeskog.
18:50 of 3rd period - Stopped by Ondrej Pavelec with a rebound.
18:52 of 3rd period - Slapshot by Chris Phillips.
18:52 of 3rd period - Stopped by Ondrej Pavelec without a rebound.
18:53 of 3rd period - Evgeni Malkin wins face-off versus Sidney Crosby in Sabres zone.
18:56 of 3rd period - Snap shot by Jakub Voracek.
18:56 of 3rd period - Stopped by Ondrej Pavelec with a rebound.
18:58 of 3rd period - Slapshot by Chris Phillips.
18:58 of 3rd period - Stopped by Ondrej Pavelec without a rebound.
18:59 of 3rd period - Evgeni Malkin wins face-off versus Sidney Crosby in Sabres zone.
19:38 of 3rd period - Snap shot by Riley Nash.
19:38 of 3rd period - Stopped by Ondrej Pavelec with a rebound.
19:40 of 3rd period - Wrist shot by Niklas Kronwall.
19:40 of 3rd period - Stopped by Ondrej Pavelec without a rebound.
19:41 of 3rd period - Vernon Fiddler wins face-off versus Bryan Little in Sabres zone.
Goals for this period are 0 for Flyers vs 1 for Sabres.
Shots for this period are 16 for Flyers vs 12 for Sabres.